 Dungeon Crawl Stone Soup version 0.21-a0-529-g8c7b3f5 (webtiles) character file.

7 Amnesiac the Grave Robber (level 1, 0/10 HPs)
             Began as a Deep Elf Necromancer on Dec 9, 2017.
             Slain by a ball python (1 damage)
             ... on level 1 of the Dungeon.
             The game lasted 00:00:45 (108 turns).

Amnesiac the Grave Robber (Deep Elf Necromancer)     Turns: 108, Time: 00:00:46

Health: 0/10       AC:  2    Str:  5    XL:     1   Next: 91%
Magic:  0/6        EV: 10    Int: 19    God:
Gold:   16         SH:  0    Dex: 15    Spells: 5/6 levels left

rFire    . . .     SeeInvis .   (no weapon)
rCold    . . .     Gourm    .   (no shield)
rNeg     . . .     Faith    .   a - +0 robe
rPois    .         Spirit   .   (no helmet)
rElec    .         Reflect  .   (no cloak)
rCorr    .         Harm     .   (no gloves)
MR       .....                  (no boots)
Stlth    +++.......             (no amulet)
HPRegen  0.03/turn              d - ring of stealth
MPRegen  0.10/turn              (no ring)

@: very slightly contaminated, constricted
A: no striking features
a: no special abilities


You were on level 1 of the Dungeon.
You were not hungry.

You visited 1 branch of the dungeon, and saw 1 of its levels.

You collected 16 gold pieces.

Inventory:

Armour
 a - a +0 robe (worn)
Jewellery
 d - a ring of stealth (left hand)
Potions
 e - 2 potions of curing {!q, unknown}
 g - a potion of cancellation {!q, unknown}
Books
 b - a book of Necromancy

   Spells                             Type                      Level
   a - Pain                           Necromancy                   1
   b - Animate Skeleton               Necromancy                   1
   c - Vampiric Draining              Necromancy                   3
   d - Regeneration                   Charms/Necromancy            3
   e - Animate Dead                   Necromancy                   4
   f - Control Undead                 Necromancy                   4
Comestibles
 c - a bread ration
 f - 2 meat rations


   Skills:
 + Level 0.3 Fighting
 + Level 2.6 Dodging
 - Level 2.4 Stealth
 + Level 3.1 Spellcasting
 * Level 5.0 Necromancy


You had 5 spell levels left.
You knew the following spells:

 Your Spells              Type           Power        Failure   Level  Hunger
a - Pain                  Necr           ###.         1%          1    None


Dungeon Overview and Level Annotations

Branches:
Dungeon (1/15)

Altars:


Message History

You can't see any susceptible monsters within range! (Use Z to cast anyway.)
Casting: Pain
Confirm with . or Enter, or press ? or * to list all spells.
You can't see any susceptible monsters within range! (Use Z to cast anyway.)
Found 16 bolts.
g - a metallic golden potion {!q} A kobold comes into view.
It is wielding a short sword.
A kobold is nearby!
Casting: Pain
Confirm with . or Enter, or press ? or * to list all spells.
You can't see any susceptible monsters within range! (Use Z to cast anyway.)
Casting: Pain
Confirm with . or Enter, or press ? or * to list all spells.
You can't see any susceptible monsters within range! (Use Z to cast anyway.)
Casting: Pain
Confirm with . or Enter, or press ? or * to list all spells.
You can't see any susceptible monsters within range! (Use Z to cast anyway.)
Casting: Pain
Confirm with . or Enter, or press ? or * to list all spells.
You can't see any susceptible monsters within range! (Use Z to cast anyway.)
Found a short sword.
Casting: Pain
Confirm with . or Enter, or press ? or * to list all spells.
You can't see any susceptible monsters within range! (Use Z to cast anyway.)
Casting: Pain
Confirm with . or Enter, or press ? or * to list all spells.
Aiming: Pain
Press: ? - help, Shift-Dir - straight line, f - kobold
Aim: a kobold, wielding a short sword (hasn't noticed you, chance to defeat MR: 91%)
The kobold shouts!
The kobold barely resists.
A ball python comes into view.
Casting: Pain
Confirm with . or Enter, or press ? or * to list all spells.
Aiming: Pain
Press: ? - help, Shift-Dir - straight line, f/p - kobold
Aim: a kobold, wielding a short sword (chance to defeat MR: 91%)
The kobold writhes in agony!
The ball python hisses angrily.
Casting: Pain
Confirm with . or Enter, or press ? or * to list all spells.
Aiming: Pain
Press: ? - help, Shift-Dir - straight line, f/p - kobold
Aim: a kobold, wielding a short sword (severely wounded, chance to defeat MR: 91%)
The kobold writhes in agony!
You kill the kobold!
Casting: Pain
Confirm with . or Enter, or press ? or * to list all spells.
Aiming: Pain
Press: ? - help, Shift-Dir - straight line, f - ball python
Aim: a ball python (chance to defeat MR: 91%)
The ball python writhes in agony!
The ball python closely misses you. The ball python grabs you.
The ball python constricts you.
Casting: Pain
Confirm with . or Enter, or press ? or * to list all spells.
Aiming: Pain
Press: ? - help, Shift-Dir - straight line, f/p - ball python
Aim: a ball python (heavily wounded, constricting you, chance to defeat MR: 91%)
You miscast Pain.
You are very lightly contaminated with residual magic.
Pain shoots through your body. The ball python bites you.
* * * LOW HITPOINT WARNING * * *
You die...

.. #. ##..# .. .. #.... #.##.
.....## #)... # ......## #....
.# #####..# #.). ##.##
.Λ..#..# #..S##....### ..
X≈≈.#..## ..#.@..# .(####..
≈≈≈†#.<.####.###..####........
≈≈≈.#...................##....
....#........###.###.##....#
#####.........#...#......##
...........##...#.........##
...........##.###..........#
#####(.†...##.# #....(.....#
#.##...#..#............#


You could see a ball python.

Vanquished Creatures
  A goblin (D:1)
  A hobgoblin (D:1)
  2 kobolds (D:1)
  2 bats (D:1)
  A frilled lizard (D:1)
7 creatures vanquished.

Vanquished Creatures (others)
  A draconian (D:1)
  3 vine stalkers (D:1)
  A formicid (D:1)
  2 humans (D:1)
  A naga (D:1)
  A dwarf (D:1)
  2 ogres (D:1)
  An orc (D:1)
  8 tentacles (D:1)
20 creatures vanquished.

Grand Total: 27 creatures vanquished

Notes
Turn   | Place    | Note
-------+----------+-------------------------------------------
     0 | D:1      | Amnesiac the Deep Elf Necromancer began the quest for the Orb.
     0 | D:1      | Reached XP level 1. HP: 10/10 MP: 6/6
     0 | D:1      | Noticed a human
     0 | D:1      | Noticed a draconian
     0 | D:1      | Noticed a vine stalker
     0 | D:1      | Noticed an ogre
     0 | D:1      | Noticed a formicid
     0 | D:1      | Noticed a dwarf
     0 | D:1      | Noticed a vine stalker
     0 | D:1      | Noticed a kraken
     0 | D:1      | Noticed an ogre
     0 | D:1      | Noticed a human
     0 | D:1      | Noticed a naga
     0 | D:1      | Noticed a vine stalker
     3 | D:1      | Killed a vine stalker
     7 | D:1      | Killed a draconian
     9 | D:1      | Killed an ogre
    10 | D:1      | Killed a human
    10 | D:1      | Killed a formicid
    11 | D:1      | Killed a human
    11 | D:1      | Killed a dwarf
    11 | D:1      | Killed an ogre
    13 | D:1      | Killed a vine stalker
    13 | D:1      | Killed a vine stalker
    17 | D:1      | Killed a naga
    87 | D:1      | Reached skill level 5 in Necromancy
   108 | D:1      | Slain by a ball python

Vault maps used:
D:1:      nicolae_arrival_kraken_aquarium_a

Skill      XL: |  1 |
---------------+----+-----
Necromancy     | 5 |  5.0
Fighting       | |  0.3
Dodging        | |  2.6
Stealth        | |  2.4
Spellcasting   | |  3.1

Action                   || total
-------------------------++-------
Melee: Unarmed           ||     1
 Cast: Pain              ||    11
Armor: Robe              ||     1
Dodge: Dodged            ||     3

Table legend:
 A = Spawn XP
 B = Non-spawn XP
 C = Spawn XP percentage of total XP
 D = Spawn monster count
 E = Non-spawn monster count
 F = Spawn count percentage of total count
 G = Total turns spent on level
                    A         B        C        D         E        F      G
               +---------+---------+-------+---------+---------+-------+---------
         Total |       0 |      11 |   0.0 |       0 |       7 |   0.0 |   108
               +---------+---------+-------+---------+---------+-------+---------
           D:1 |       0 |      11 |   0.0 |       0 |       7 |   0.0 |   108
               +---------+---------+-------+---------+---------+-------+---------
